AoeStats
← Der Sprudel

Arabia

508483356Analyzed
1v1 RM · 9d ago on Sep 22, 2026· 41m 12s· 2 players
Game mode
Random Map
Map size
Tiny (2 player)
Population
200
Speed
Normal
Resources
Standard
Victory
Conquest
Starting age
Dark Age
Ending age
Imperial Age
RankedLock teamsTeams togetherTeam positionsShared explorationLock speedFull tech treeHidden civsTurbo modeCheats
Victory
Defeat
🇺🇸 Dravidians · United States
1280
+14
🇩🇪 Maya · Germany
1247
-14
DeusCon
7:27 Loom
9:58 Feudal Age
10:37 Double-Bit Axe
13:15 Fletching
13:08 Horse Collar
15:52 Padded Archer Armor
23:03 Castle Age
23:11 Scale Barding Armor
23:15 Gold Mining
24:21 Thumb Ring
24:31 Bodkin Arrow
24:27 Crossbowman
28:54 Chain Barding Armor
30:26 Husbandry
31:14 Bow Saw
31:36 Leather Archer Armor
32:54 Heavy Plow
34:23 Ballistics
35:12 Wheelbarrow
34:58 Forging
39:09 Imperial Age
39:39 Iron Casting
39:46 Arbalester
41:24 Hand Cart
Der Sprudel
0:27 Loom
9:47 Feudal Age
10:26 Double-Bit Axe
11:15 Horse Collar
14:56 Fletching
15:48 Padded Archer Armor
22:15 Castle Age
22:20 Eagle Warrior
23:01 Scale Mail Armor
23:32 Bow Saw
24:02 Forging
26:10 Arson
28:02 Town Watch
30:48 Wheelbarrow
30:06 Gold Mining
31:17 Squires
31:42 Elite Skirmisher
33:00 Sanctity
33:04 Chain Mail Armor
35:46 Pikeman
41:03 Bodkin Arrow
Connection lost

Rejoining the realm…

Still unreachable

The connection could not be restored.

Session expired

The server has moved on; the page needs a fresh start.